 Dungeon Crawl Stone Soup version 0.24-a0-446-g87df7205b4 (webtiles) character file.

Game seed: 1664905559484395422

41 sloany69 the Shield-Bearer (level 3, -3/23 HPs)
             Began as a Gargoyle Fighter on June 23, 2019.
             Was an Initiate of Ashenzari.
             Slain by a worm (7 damage)
             ... on level 3 of the Dungeon.
             The game lasted 00:06:59 (1471 turns).

sloany69 the Shield-Bearer (Gargoyle Fighter)       Turns: 1471, Time: 00:07:00

Health: -3/23      AC: 11    Str: 25    XL:     3   Next: 52%
Magic:  3/3        EV:  7    Int:  8    God:    Ashenzari [......]
Gold:   58         SH:  9    Dex:  9    Spells: 2/2 levels left

rFire    . . .     SeeInvis .   a - +0 flail
rCold    . . .     Gourm    .   c - +0 shield
rNeg     + . .     Faith    .   b - +0 scale mail
rPois    ∞         Spirit   .   (no helmet)
rElec    +         Reflect  .   (no cloak)
rCorr    .         Harm     .   (no gloves)
MR       .....                  o - +0 pair of boots
Stlth    ..........             (no amulet)
HPRegen  0.07/turn              e - ring of flight
MPRegen  0.08/turn              (no ring)

@: mighty, very slow
A: negative energy resistance 1, electricity resistance, unbreathing,
petrification resistance, rot immunity, AC +3
a: Curse Item, Renounce Religion, Evoke Flight


You were on level 3 of the Dungeon.
You worshipped Ashenzari.
Ashenzari was noncommittal.
You were very hungry.

You visited 1 branch of the dungeon, and saw 3 of its levels.

You collected 58 gold pieces.

Inventory:

Hand Weapons
 a - a +0 flail (weapon)
 i - a +0 mace
Armour
 b - a +0 scale mail (worn)
 c - a +0 shield (worn)
 o - a +0 pair of boots (worn)
Jewellery
 e - a ring of flight (left hand)
Scrolls
 g - a scroll of blinking {unknown}
 h - 4 scrolls of identify {unknown}
 l - a scroll of remove curse
 m - a scroll of fear {unknown}
 n - 2 scrolls of teleportation {unknown}
 p - a scroll of enchant weapon {unknown}
 q - a scroll of fog {unknown}
Potions
 j - a potion of haste {unknown}
 k - a potion of resistance {unknown}
Comestibles
 f - a ration


   Skills:
 + Level 3.6 Fighting
 * Level 2.7 Maces & Flails
 + Level 3.6 Armour
 - Level 0.1 Dodging
 + Level 3.7 Shields


You had 2 spell levels left.
You didn't know any spells.
Your spell library was empty.

Dungeon Overview and Level Annotations

Branches:
Dungeon (3/15)

Altars:
Ashenzari
Fedhas
Uskayaw
Wu Jian
Xom
Yredelemnul
The Shining One

Portals:
Sewer: D:3


Innate Abilities, Weirdness & Mutations

You are resistant to torment.
Your stone body is resilient. (AC +3)
You are immune to poison.
You resist negative energy. (rN+)
You are resistant to electric shocks. (rElec)
You can survive without breathing.
You are immune to petrification.
You are immune to rotting.


Message History

You block the goblin's attack. The worm barely misses you.
Your unstable footing causes you to fumble your attack.
You block the goblin's attack. The goblin hits you.
* * * LOW HITPOINT WARNING * * *
Your unstable footing causes you to fumble your attack.
You hear the slow rusting of a drain.
The goblin hits you but does no damage. The worm closely misses you.
You barely miss the worm.
The worm is moderately wounded.
You block the goblin's attack. The worm bites you.
* * * LOW HITPOINT WARNING * * *
The goblin splashes around in the water.
You feel very mighty all of a sudden. The worm bites you but does no damage.
The goblin splashes around in the water.
Your unstable footing causes you to fumble your attack.
The goblin hits you but does no damage.
Your unstable footing causes you to fumble your attack.
The worm bites you!
You die...

##### ###
##≈..# #...
≈≈≈..# #....
≈≈≈.
#...####∩≈≈#
##......##≈≈#
#....(...#w≈#
#.###..$.#@≈#
####.#g≈###
#...≈≈##
#....≈##
#.######...###
...........#
#.#######.##
#.# ######.#


You could see a worm and a goblin.

Vanquished Creatures
  An adder (D:2)
  A worm (D:2)
  An adder skeleton (D:2)
  2 ball pythons (D:2)
  3 bats
  2 giant cockroaches
  5 goblins
  3 hobgoblins
  3 jackals (D:1)
  A quokka (D:2)
  A frilled lizard (D:2)
  A rat (D:2)
24 creatures vanquished.

Notes
Turn   | Place    | Note
-------+----------+-------------------------------------------
     0 | D:1      | sloany69 the Gargoyle Fighter began the quest for the Orb.
     0 | D:1      | Reached XP level 1. HP: 14/14 MP: 1/1
    64 | D:1      | Reached XP level 2. HP: 17/19 MP: 2/2
   265 | D:1      | You fall into a shaft and drop 1 floor!
   265 | D:2      | Found a shattered altar of Ashenzari.
   299 | D:2      | Became a worshipper of Ashenzari the Shackled
   303 | D:2      | Found an ornate altar of the Wu Jian Council.
   303 | D:2      | Found a basalt altar of Yredelemnul.
   576 | D:2      | Reached XP level 3. HP: 10/23 MP: 3/3
  1094 | D:2      | Found a glowing golden altar of the Shining One.
  1245 | D:2      | Found a blossoming altar of Fedhas.
  1246 | D:2      | Found a hide-covered altar of Uskayaw.
  1250 | D:2      | Found a shimmering altar of Xom.
  1440 | D:3      | Found a glowing drain.
  1471 | D:3      | Slain by a worm

Levels and vault maps discovered:
D:1:      dpeg_arrival_signposts, layout_basic, minmay_pentomino_v4
D:2:      layout_loops_cross, minitemple, grunt_temple_overflow_open,
          nicolae_tso_swordbearing_angel, ashenzari_altar_1
D:3:      layout_basic, cheibrodos_sewer_entry_bend

Action                   || total
-------------------------++-------
Melee: Flail             ||   161
  Use: Potion            ||     1
  Eat: Chunk             ||     1
Armor: Scale mail        ||   101
Dodge: Dodged            ||    62
Block: Shield            ||    99

Table legend:
 A = Non-vault XP
 B = Vault XP
 C = Vault XP percentage of total XP
 D = Non-vault monster count
 E = Vault monster count
 F = Vault count percentage of total count
                 A         B        C        D         E       F
            +---------+---------+-------+---------+---------+-------
      Total |      59 |       0 |   0.0 |      24 |       0 |   0.0
            +---------+---------+-------+---------+---------+-------
        D:1 |      17 |       0 |   0.0 |       9 |       0 |   0.0
        D:2 |      42 |       0 |   0.0 |      15 |       0 |   0.0
            +---------+---------+-------+---------+---------+-------
